 Dungeon Crawl Stone Soup version 0.30-a0-586-g23e55c9e0a (webtiles) character file.

Game seed: 16861987263765100149

2 NinjaNoafa the Magician (level 1, -2/15 HPs)
             Began as a Djinni Ice Elementalist on Jan 3, 2023.
             Slain by a kobold
             ... wielding a +0 club
              (3 damage)
             ... on level 1 of the Dungeon.
             The game lasted 00:00:29 (32 turns).

NinjaNoafa the Magician (Djinni Ice Elementalist)     Turns: 32, Time: 00:00:30

Health: -2/15      AC:  2    Str:  7    XL:     1   Next: 33%
Gold:   0          EV: 12    Int: 16    God:
                   SH:  0    Dex: 13

rFire   + + .      SeeInvis .    d - +0 dagger
rCold   x . .      Faith    .    (no shield)
rNeg    . . .      Spirit   .    a - +0 robe
rPois   ∞          Reflect  .    (no helmet)
rElec   .          Harm     .    (no cloak)
rCorr   .          Rampage  .    (no gloves)
Will    .....                    (boots unavailable)
Stlth   ++                       (no amulet)
HPRegen 0.22/turn                (no ring)
MPRegen 0.00/turn                (no ring)

@: flying
A: sickness immunity, fire resistance 2, cold vulnerability 1, float, innate
caster, HP casting, extra vitality 1
a: no special abilities


You were on level 1 of the Dungeon.
You visited 1 branch of the dungeon, and saw 1 of its levels.

Inventory:

Hand Weapons
 d - a +0 dagger (weapon)
Armour
 a - a +0 robe (worn)
Scrolls
 c - a scroll of enchant weapon {unknown}
Potions
 b - a potion of magic


   Skills:
 + Level 0.1 Fighting
 - Level 2.1 Dodging
 - Level 1.5 Stealth
 * Level 3.3 Spellcasting


You couldn't memorise any spells.
You knew the following spells:

 Your Spells              Type           Power      Damage    Failure   Level
a - Freeze                Ice            52%        1d6       4%          1
b - Frozen Ramparts       Ice            26%        1d4       14%         3
c - Ozocubu's Armour      Ice            13%        N/A       14%         3
d - Summon Ice Beast      Ice/Summ       13%        N/A       43%         4
Your spell library was empty.

Dungeon Overview and Level Annotations

Branches:
Dungeon (1/15)

Altars:


Innate Abilities, Weirdness & Mutations

You are immune to sickness and miasma.
You are immune to poison.
Your flesh is very heat resistant. (rF++)
You are vulnerable to cold. (rC-)
You float through the air rather than walking.
You learn spells naturally, not from books.
Your magical power is your life essence.
You have superior vitality. (+4 MHP)


Message History

d - a +0 dagger The bat closely misses you.
The bat hits you.
d - a +0 dagger (weapon)
The bat barely misses you.
You freeze the kobold.
You kill the kobold!
The bat closely misses you. The bat hits you but does no damage.
A kobold comes into view. It is wielding a +0 club.
You barely miss the bat.
The kobold shouts!
You punch the bat, but do no damage. The bat completely misses you.
The bat hits you.
The goblin hits you with a +2 dagger of electrocution.
You are too injured to fight recklessly!
You barely miss the goblin. The bat hits you but does no damage.
The bat completely misses you. The goblin barely misses you.
You miss the goblin. The bat completely misses you. The bat hits you.
The goblin barely misses you.
You hit the goblin.
The goblin is moderately wounded.
The bat hits you but does no damage. The bat barely misses you.
The goblin hits you with a +2 dagger of electrocution.
Aiming: Freeze (safe; 4% risk of failure)
Press: ? - help, Q - select action Shift-Dir - straight line, f - goblin
Aim: a goblin, wielding a +2 dagger of electrocution (moderately wounded)
You freeze the goblin.
The goblin is severely wounded.
* * * LOW HITPOINT WARNING * * *
The bat hits you.
* * * LOW HITPOINT WARNING * * *
The bat closely misses you. The bat hits you but does no damage.
The goblin hits you with a +2 dagger of electrocution.
* * * LOW HITPOINT WARNING * * *
The bat barely misses you. The kobold hits you but does no damage.
The bat hits you but does no damage. The bat hits you but does no damage.
The bat barely misses you. The kobold attacks as you move away!
The kobold closely misses you. The bat barely misses you.
The kobold attacks as you move away! The kobold hits you with a +0 club.
You die...

# ...##..# # .#.
......#.##
).##.#...#..
#.#.......### ###
.##.......#.... ..#
#...........#####.##
#....)...........
#[....gKb.....#.#
.......###@.##.##.##
..#....b.........(.#
#......#####.#####.#
###.### ##.###.##
... #.#.## .## ##.##
##.#.## #.#.#.#
#.#.<.#.#


You could see a goblin, 2 bats and a kobold.

Vanquished Creatures
  2 kobolds (D:1)
2 creatures vanquished.

Notes
Turn   | Place    | Note
-------+----------+-------------------------------------------
     0 | D:1      | NinjaNoafa the Djinni Ice Elementalist began the quest for
                  | the Orb.
     0 | D:1      | NinjaNoafa set off with the following spells memorised:
                  | Freeze, Frozen Ramparts, Ozocubu's Armour, Summon Ice
                  | Beast.
     0 | D:1      | Reached XP level 1. HP: 15/15 MP: 0/0
    32 | D:1      | Slain by a kobold

Illustrated notes

Levels and vault maps discovered:
D:1:      minmay_arrival_diagonal_passages, layout_loops_cross,
          minmay_tromino_v7

Action                   || total
-------------------------++-------
Melee: Dagger            ||     4
       Unarmed           ||     1
       Punch             ||     1
 Cast: Freeze            ||     4
Armor: Robe              ||     9
Dodge: Dodged            ||    17

Table legend: (Time is in decaauts)
 A = Elapsed time spent in this place.
 B = Non-inter-level travel time spent in this place.
 C = Inter-level travel time spent in this place.
 D = Time resting spent in this place.
 E = Time spent auto-exploring this place.
 F = Levels seen in this place.
 G = Mean time per level.
                   A        B        C        D        E       F      G
               +--------+--------+--------+--------+--------+-----+--------+
         Total |     31 |     31 |      0 |      0 |     10 |   1 |   31.0 |
       Dungeon |     31 |     31 |      0 |      0 |     10 |   1 |   31.0 |
               +--------+--------+--------+--------+--------+-----+--------+

Top non-repeatable levels by time:
     D:1: 31 daAuts
